 Dungeon Crawl Stone Soup version 0.14.0-12-g87ee3b7 (webtiles) character file.

498013 Infinimo the Shatterer (level 25, 0/177 HPs)
             Began as a Gargoyle Berserker on Apr 16, 2014.
             Was the Champion of Trog.
             Killed from afar by a starcursed mass (24 damage)
             ... with an accursed screaming
             ... on Level 1 of the Abyss on Apr 17, 2014.
             The game lasted 03:04:31 (65209 turns).

Infinimo the Shatterer (Gargoyle Berserker)        Turns: 65209, Time: 03:04:31

HP   0/177       AC 50     Str 25      XL: 25   Next: 12%
MP  22/22        EV  8     Int 20      God: Trog [******]
Gold 2732        SH 48     Dex 10      Spells:  0 memorised, 24 levels left

rFire  + + +     SeeInvis +     D - +2,+7 eveningstar (holy)
rCold  + + .     Clarity  .     q - +6 plate armour {rC+}
rNeg   + . .     Conserve +     N - +0 large shield
rPois  +         rCorr    .     x - -1 hat {Int+3}
rElec  +         rRot     +     C - +0 cloak of Stonah {+Rage +Inv Str+2 SInv}
SustAb + .       Spirit   .     A - +1 pair of gloves of the Swamp {rF+ rC+}
rMut   .         Warding  .     (no boots)
Saprov . . .     Stasis   .     g - amulet of conservation
MR     +....                    z - ring "Esarama" {SustAb rF++ rC- Int+2}
                                I - ring of protection from cold

@: about to teleport, flying, somewhat resistant to hostile enchantments,
extremely unstealthy
A: able to fly continuously, large and strong wings, talons 1, rugged brown
scales 1, dopey 1, life protection 1, electricity resistance, unbreathing,
evolution 1, petrification resistance, AC +19
a: Stop Flying, Burn Spellbooks, Berserk, Trog's Hand, Brothers in Arms,
Renounce Religion, Evoke Berserk Rage, Evoke Invisibility
}: 2/15 runes: decaying, gossamer


You were on level 1 of the Abyss.
You worshipped Trog.
Trog was exalted by your worship.
You were hungry.

You visited 7 branches of the dungeon, and saw 47 of its levels.
You visited the Abyss 2 times.
You visited 1 bazaar.

You collected 4939 gold pieces.
You spent 2207 gold pieces at shops.

Inventory:

Hand weapons
 D - a +2,+7 eveningstar of holy wrath (weapon)
 O - a +0,+2 anti-magic demon whip
 T - a +4,+2 demon whip of electrocution
Armour
 q - a +6 plate armour of cold resistance (worn)
 x - a -1 hat of intelligence (worn)
 A - the +1 pair of gloves of the Swamp (worn) {rF+ rC+}
   (You bought it in a shop on level 4 of the Orcish Mines)

   It protects you from fire.
   It protects you from cold.
 C - the +0 cloak of Stonah (worn) {+Rage +Inv Str+2 SInv}
   (You acquired it on level 2 of the Lair of Beasts)

   It affects your strength (+2).
   It enhances your eyesight.
   It lets you turn invisible.
   It lets you go berserk.
 N - a +0 large shield (worn)
Magical devices
 a - a wand of fire (5) {unknown}
 y - a wand of disintegration (17)
 F - a wand of enslavement (17)
 L - a wand of cold (6)
 S - a wand of polymorph (20)
 X - a wand of digging (12)
Comestibles
 b - an apple
 c - a bread ration
 d - a banana
 i - 3 meat rations
 j - an orange
 k - 36 strawberries
 u - a royal jelly
 E - 3 chokos
 H - 3 honeycombs
 J - 7 pears
 V - 3 pieces of ambrosia
 Z - 6 beef jerkies
Scrolls
 h - 11 scrolls of remove curse
 m - a scroll of blinking
 n - 6 scrolls of fog
 p - 14 scrolls of identify
 r - 9 scrolls of teleportation
 w - 3 scrolls of recharging
 M - a scroll of summoning
 P - 5 scrolls of fear
 R - a scroll of vulnerability
 U - 4 scrolls of magic mapping
Jewellery
 g - an amulet of conservation (around neck)
 o - a cursed ring of teleportation
 t - an uncursed amulet of resist corrosion
 z - the ring "Esarama" (right hand) {SustAb rF++ rC- Int+2}
   (You found it on level 8 of the Lair of Beasts)

   [ring of sustain abilities]

   It affects your intelligence (+2).
   It greatly protects you from fire.
   It makes you vulnerable to cold.
 I - a ring of protection from cold (left hand)
 K - an uncursed ring of positive energy
Potions
 e - 17 potions of curing
 f - 10 potions of restore abilities
 l - a potion of porridge
 s - 4 potions of might
 v - 5 potions of haste
 B - 3 potions of berserk rage
 G - 3 potions of magic
 Q - 5 potions of resistance


   Skills:
 + Level 21.9 Fighting
 + Level 24.2 Maces & Flails
 + Level 22.0 Armour
 - Level 1.5 Dodging
 + Level 21.8 Shields


You had 24 spell levels left.
You didn't know any spells.

Dungeon Overview and Level Annotations

Branches:
Dungeon (15/15)            Temple (0/1) D:6             Orc (4/4) D:12
    Elf (0/3) Orc:3          Lair (8/8) D:8           Swamp (5/5) Lair:3
 Spider (5/5) Lair:3        Slime (0/6) Lair:7       Vaults (5/5) D:14
  Blade (0/1) Vaults:4      Crypt (0/5) Vaults:3        Zot (0/5) Depths:5
 Depths (5/5) D:15

Altars:
Dithmenos
Fedhas
Trog
Zin
The Shining One
Beogh
Jiyva

Shops:
D:6 ?%*=(   D:9 *   D:10 =   D:12 [   Orc:4 [:}[?   Depths:1 *   Depths:3 !

Portals:
Hell: Depths:2 Depths:3 Depths:4 Depths:5
Abyss: Depths:2 Depths:4
Pandemonium: Depths:3
Ziggurat: Depths:1
Trove: Vaults:2 (give wand of heal wounds (8))

Annotations:
D:7 exclusion: ice statue
Vaults:5 HungrySpirit's ghost, mighty MiGl


Innate Abilities, Weirdness & Mutations

You are resistant to torment.
You are immune to poison.
You are immune to rotting.
You can fly continuously.
Your stone body is very resilient (AC +19).
Your wings are large and strong.
You resist negative energy.
You are resistant to electric shocks.
You can survive without breathing.
You are immune to petrification.
You have sharp toenails.
You are partially covered in rugged brown scales (AC +1, +3% HP).
You are dopey. (Int -2)
You evolve.


Message History

The ynoxinul bellows!
The ynoxinul moves out of view.
You block the starcursed mass' attack. You block the starcursed mass' attack.
You impale the starcursed mass!!
You destroy the starcursed mass!
A cacophony of accursed wailing tears at your sanity!
* * * LOW HITPOINT WARNING * * *
You suddenly lose the ability to move!
A cacophony of accursed wailing tears at your sanity!
* * * LOW HITPOINT WARNING * * *
You can move again.
You spit the starcursed mass like a pig!!!
You destroy the starcursed mass!
A starcursed mass splits.
Unknown command.
You bludgeon the starcursed mass!!
You destroy the starcursed mass!
You block the starcursed mass' attack.
A cacophony of accursed wailing tears at your sanity!
You die...

.## ...#
..........
...#...
........... . .
.....
...............
. ..
#............. .
.
##...#XX4XX.....
.. #


.##XXXXXX.. .. . . # ...#XXXX.## ... .....XXXXX# ... ..#.# # #@### # .# .# ##..
.#### # . .#. ###.. .. #. ## You could see 19 starcursed masses and a sixfirhy.

Vanquished Creatures
  3 ancient liches
  Boris (Depths:5)
  Sojobo (Depths:1)
  Mara (Spider:5)
  3 golden dragons
  Xtahua (Vaults:4)
  the Enchantress (D:15)
  Nikola (Depths:2)
  3 bone dragons
  Arachne (Spider:2)
  A Hell Sentinel (Abyss:1)
  A hellephant (Depths:2)
  Asterion (Spider:4)
  A titan (Depths:2)
  2 tentacled starspawn (Abyss:1)
  4 sphinxes
  4 storm dragons
  5 liches
  Rupert (Lair:3)
  The ghost of Tolias the Bringer of Life, a mighty GrHu of Elyvilon (Swamp:4)
  Kirke (D:14)
  3 shadow dragons
  5 tengu reavers
  5 thorn hunters
  Roxanne (Swamp:4)
  4 ghost moths (Spider:5)
  12 vault wardens
  An iron dragon (Depths:3)
  Maud (Lair:5)
  An orc warlord (Depths:2)
  6 fire giants
  5 deep elf sorcerers
  An octopode crusher (Depths:4)
  11 frost giants
  Aizul (Spider:2)
  A draconian zealot (Depths:5)
  14 emperor scorpions
  A reaper (Abyss:1)
  A draconian knight (Depths:2)
  5 deep elf demonologists
  A balrug (Abyss:1)
  A war gargoyle (Vaults:1)
  4 spriggan defenders
  A draconian annihilator (Depths:5)
  11 rakshasas
  15 stone giants
  A salamander firebrand (Depths:2)
  A grey draconian (shapeshifter) (Depths:3)
  A red draconian (Abyss:1)
  3 vampire knights
  2 mottled draconians (Depths:5)
  4 dire elephants
  A yellow draconian (Depths:5)
  A pale draconian (Depths:5)
  A crystal guardian (Vaults:2)
  Snorg (D:14)
  7 fire dragons
  32 vault guards
  A merfolk impaler (Depths:5)
  5 minotaurs
  10 yaktaur captains
  2 deep elf death magi
  A green death (Abyss:1)
  11 ettins
  12 ironheart preservers
  9 great orbs of eyes
  9 spriggan air magi
  4 deep elf high priests
  22 hydras
  2 ravenous feature mimics
  2 naga warriors (Depths:2)
  19 ice dragons
  3 dancing weapons (Depths:2)
  2 shambling mangroves
  Erica (Lair:1)
  17 alligators
  19 ogre magi
  A tengu warrior (Depths:3)
  9 deep troll earth magi
  A spriggan assassin (Depths:5)
  6 deep troll shamans
  4 orc high priests
  2 vampire magi
  26 death yaks
  2 spriggan berserkers
  10 very ugly things
  2 thrashing horrors (Abyss:1)
  4 sun demons
  13 centaur warriors
  Urug (D:10)
  A storm dragon zombie (Depths:3)
  Nergalle (Lair:8)
  2 catoblepae
  4 iron trolls
  A titan skeleton (Depths:3)
  6 deep elf knights
  A swamp dragon (shapeshifter) (Vaults:1)
  A death drake (Swamp:5)
  2 shadow wraiths (Vaults:4)
  3 fire crabs
  2 sea snakes (Depths:2)
  An unseen horror (shapeshifter) (Vaults:2)
  9 orb spiders
  3 skeletal warriors
  4 spriggan druids
  24 deep trolls
  8 hell knights
  A sea snake (shapeshifter) (Depths:3)
  10 large abominations (Abyss:1)
  3 deep elf summoners
  A giant orange brain (shapeshifter) (Depths:4)
  4 flayed ghosts
  2 spectral hydras (Swamp:5)
  5 swamp dragons
  5 hill giants
  4 giant orange brains
  2 lindwurms (Depths:2)
  4 unseen horrors
  19 orc knights
  10 ironbrand convokers
  Pikel (D:8)
  5 necromancers
  A wizard (Vaults:2)
  7 deep elf conjurers
  7 orc sorcerers
  40 wolf spiders
  A manticore (Depths:1)
  A wolf spider zombie (Depths:2)
  9 phantasmal warriors
  A spectral human (Vaults:3)
  5 harpies
  A griffon (shapeshifter) (Depths:3)
  2 sixfirhies
  3 shining eyes
  4 salamanders (Depths:1)
  A worldbinder (Abyss:1)
  2 manticores (shapeshifter)
  10 red wasps
  6 cyclopes
  7 griffons
  13 elephants
  Maurice (Orc:2)
  6 black mambas
  16 vault sentinels
  A titan simulacrum (Depths:3)
  2 guardian serpents (Depths:2)
  4 vapours
  2 moths of wrath
  4 orange demons
  2 eyes of devastation
  2 smoke demons (Abyss:1)
  5 kobold demonologists
  3 gargoyles
  A death yak zombie (Depths:2)
  A naga mage (Depths:2)
  22 spiny frogs
  A fire drake (shapeshifter) (Depths:3)
  3 swamp worm zombies (Swamp:5)
  A yaktaur (shapeshifter) (Vaults:4)
  48 yaktaurs
  3 centaur zombies
  9 small abominations
  An efreet (Abyss:1)
  17 demonic crawlers
  10 freezing wraiths
  2 ancient zymes (Abyss:1)
  21 jumping spiders
  4 deep elf priests
  A hellwing (Vaults:3)
  An iron devil (Orc:3)
  3 red devils (Abyss:1)
  4 tengu conjurers
  Grinder (D:5)
  A blue devil (Depths:3)
  4 hydra zombies
  6 fire drakes
  A shadow dragon simulacrum (Abyss:1)
  2 polar bears
  5 trolls
  A wandering mushroom (Abyss:1)
  8 giant leeches
  Sonja (Swamp:1)
  5 komodo dragons
  8 giant fireflies
  2 polar bears (shapeshifter)
  A queen bee (shapeshifter) (Depths:5)
  A spectral jumping spider (Vaults:3)
  30 two-headed ogres
  Prince Ribbit (D:5)
  7 bog bodies
  24 blink frogs
  3 alligator zombies (Swamp:5)
  24 baby alligators
  5 deep elf magi
  53 slime creatures
  5 thorn lotuses
  18 trapdoor spiders
  6 boggarts
  3 spectral swamp dragons (Swamp:5)
  10 boulder beetles
  2 grizzly bears (Lair:8)
  A raven (shapeshifter) (Depths:2)
  24 ravens
  A snapping turtle (Depths:2)
  50 redbacks
  3 basilisks
  A human (shapeshifter) (Vaults:4)
  A hill giant zombie (D:12)
  9 spriggans
  36 yaks
  21 tarantellas
  2 yaks (shapeshifter)
  4 vampires
  49 ugly things
  A wraith (Vaults:3)
  4 ynoxinuls
  17 air elementals
  A hog (shapeshifter) (Depths:3)
  2 elephant slugs (Lair:8)
  7 shadows
  Eustachio (D:4)
  3 hogs (D:14)
  15 deep elf fighters
  13 wolves
  9 sharks
  4 hungry ghosts
  11 hippogriffs
  7 water elementals
  Grum (D:8)
  4 neqoxecs (Abyss:1)
  A wyvern (D:15)
  3 chaos spawn (Abyss:1)
  2 hill giant skeletons (D:9)
  26 swamp worms
  40 vampire mosquitoes
  4 wargs
  8 porcupines
  A necrophage (D:5)
  A deep troll skeleton (D:15)
  5 mottled dragons
  20 water moccasins
  24 spiders
  3 hell hounds (Abyss:1)
  35 orc warriors
  7 swamp drakes
  3 black bears
  3 sky beasts
  8 phantoms
  5 swamp dragon zombies (Swamp:5)
  2 manticore zombies
  6 giant goldfish
  64 ogres
  6 yellow wasps
  14 ice beasts
  3 boring beetles
  9 centaurs
  16 crocodiles
  A manticore skeleton (D:9)
  Sigmund (D:5)
  Duvessa (D:8)
  6 big kobolds
  10 giant frogs
  6 giant slugs
  An elf skeleton (D:15)
  Blork the orc (D:5)
  A brain worm (D:14)
  20 insubstantial wisps
  4 jellies
  7 killer bees
  8 scorpions
  5 eyes of draining
  15 wights
  A polar bear zombie (Depths:2)
  A spriggan skeleton (D:9)
  A troll skeleton (D:9)
  Dowan (D:8)
  6 crimson imps
  9 electric eels
  2 giant frog zombies
  2 giant frog skeletons (D:12)
  13 starcursed masses (Abyss:1)
  6 big fish
  2 iron imps
  5 goliath beetles
  18 hounds
  3 quasits
  Crazy Yiuf (D:5)
  25 orc priests
  2 centaur skeletons
  36 orc wizards
  6 worker ants
  6 orange rats (Lair:3)
  Natasha (thrice) (D:4)
  2 basilisk skeletons
  7 iguanas
  3 spectral swamp drakes (Swamp:5)
  5 sheep (Lair:6)
  A big kobold zombie (D:6)
  Ijyb (D:4)
  A mottled dragon zombie (Depths:2)
  2 ogre skeletons
  2 mummies
  18 gnolls
  An orc zombie (Orc:4)
  A scorpion zombie (D:7)
  59 green rats
  8 shadow imps
  27 adders
  A white imp (Abyss:1)
  2 giant mites
  A goliath beetle zombie (D:7)
  5 worms
  8 ufetubi
  An adder skeleton (D:8)
  An adder zombie (D:8)
  12 giant eyeballs
  179 orcs
  17 bats
  A bat skeleton (D:5)
  7 giant cockroaches
  16 hobgoblins
  15 jackals
  37 kobolds
  12 quokkas
  6 ball pythons (D:4)
  A giant cockroach zombie (D:4)
  7 giant geckos
  4 giant newts
  A giant spore (D:13)
  17 goblins
  A hobgoblin skeleton (D:9)
  7 orc skeletons
  3 quokka skeletons
  28 rats
  12 ballistomycetes (D:13)
  2 crawling corpses (Vaults:3)
  A fungus (Lair:4)
2546 creatures vanquished.

Vanquished Creatures (others)
  A draconian annihilator (Depths:2)
  A vault guard (Vaults:4)
  A rakshasa (Depths:1)
  An ironheart preserver (Vaults:4)
  A drowned soul (Depths:3)
  A jumping spider (Spider:3)
  A boggart (Depths:3)
  A golden eye (shapeshifter) (Vaults:2)
  A human (D:14)
  An orc zombie (Orc:4)
  2 orc warriors
  A giant frog (D:8)
  2 ogres (Vaults:5)
  A big fish (D:8)
  A shadow imp (D:14)
  An adder skeleton (D:6)
  A jackal (D:8)
  A giant newt (D:6)
  A giant spore (D:13)
  2 ballistomycetes (D:13)
  4 briar patches
  A crawling corpse (Vaults:5)
  8 fungi
  3 plants (Lair:8)
  6 starspawn tentacles (Abyss:1)
  17 starspawn tentacle segments (Abyss:1)
62 creatures vanquished.

Grand Total: 2608 creatures vanquished

Notes
Turn   | Place    | Note
--------------------------------------------------------------
     0 | D:1      | Infinimo, the Gargoyle Berserker, began the quest for the Orb.
     0 | D:1      | Reached XP level 1. HP: 14/14 MP: 1/1
   110 | D:1      | Reached XP level 2. HP: 19/19 MP: 2/2
   370 | D:1      | Reached skill level 4 in Maces & Flails
   844 | D:2      | Reached XP level 3. HP: 21/23 MP: 3/3
   856 | D:2      | Acquired Trog's second power
  1142 | D:2      | Reached XP level 4. HP: 28/28 MP: 4/4
  1148 | D:2      | Reached skill level 5 in Maces & Flails
  1791 | D:3      | Reached XP level 5. HP: 27/32 MP: 5/5
  2432 | D:4      | Paralysed by a giant eyeball for 3 turns
  2442 | D:4      | Noticed Eustachio
  2484 | D:4      | Killed Eustachio
  2484 | D:4      | Reached skill level 6 in Maces & Flails
  2484 | D:4      | Reached XP level 6. HP: 18/37 MP: 6/6
  2703 | D:4      | Noticed an ogre
  2708 | D:4      | Noticed Ijyb
  2713 | D:4      | Killed an ogre
  2713 | D:4      | Reached skill level 7 in Maces & Flails
  2713 | D:4      | Reached XP level 7. HP: 27/41 MP: 7/7
  2723 | D:4      | Killed Ijyb
  2899 | D:4      | Found a glowing silver altar of Zin.
  2982 | D:4      | Reached skill level 5 in Armour
  3035 | D:4      | Noticed Natasha
  3045 | D:4      | Killed Natasha
  3075 | D:4      | Noticed Natasha
  3103 | D:4      | Killed Natasha
  3123 | D:4      | Noticed Natasha
  3126 | D:4      | Killed Natasha
  3194 | D:4      | Acquired Trog's third power
  3267 | D:4      | Reached skill level 8 in Maces & Flails
  3668 | D:5      | Entered Level 5 of the Dungeon
  3707 | D:5      | Noticed Blork the orc
  3714 | D:5      | Killed Blork the orc
  3723 | D:5      | Noticed Grinder
  3751 | D:5      | Noticed Prince Ribbit
  3758 | D:5      | Killed Grinder
  3758 | D:5      | Reached skill level 9 in Maces & Flails
  3758 | D:5      | Reached XP level 8. HP: 31/46 MP: 8/8
  3763 | D:5      | Killed Prince Ribbit
  3918 | D:5      | You fall through a shaft for 2 floors!
  3971 | D:7      | Reached skill level 10 in Maces & Flails
  4318 | D:5      | Reached XP level 9. HP: 34/51 MP: 9/9
  4319 | D:5      | Noticed Sigmund
  4334 | D:5      | Killed Sigmund
  4584 | D:5      | Noticed Crazy Yiuf
  4598 | D:5      | Killed Crazy Yiuf
  4745 | D:6      | Found a shadowy altar of Dithmenos.
  4777 | D:6      | Found Ukhlipsej's Food Shop.
  4786 | D:6      | Reached skill level 11 in Maces & Flails
  4787 | D:6      | Paralysed by a giant eyeball for 3 turns
  4796 | D:6      | Found Setorchi's Antique Weapon Emporium.
  4809 | D:6      | Found Togog's Jewellery Shoppe.
  4859 | D:6      | Found Ivow's General Store.
  5022 | D:6      | Found a staircase to the Ecumenical Temple.
  5115 | D:6      | Found a blossoming altar of Fedhas.
  5154 | D:6      | Found Yrrimua's Magic Scroll Emporium.
  5175 | D:6      | Bought a scroll of enchant armour for 97 gold pieces
  5258 | D:6      | Received a gift from Trog
  5801 | D:7      | Reached skill level 12 in Maces & Flails
  6476 | D:7      | Noticed an ice statue
  6621 | D:8      | Reached XP level 10. HP: 47/56 MP: 10/10
  6769 | D:8      | Noticed Grum
  6786 | D:8      | Killed Grum
  6786 | D:8      | Reached skill level 13 in Maces & Flails
  6902 | D:8      | Found a bloodstained altar of Trog.
  6949 | D:8      | Found a staircase to the Lair.
  7015 | D:8      | Noticed Duvessa
  7016 | D:8      | Noticed Dowan
  7033 | D:8      | Killed Duvessa
  7045 | D:8      | Killed Dowan
  7071 | D:8      | Noticed Pikel
  7109 | D:8      | Killed Pikel
  7131 | D:8      | Received a gift from Trog
  7384 | D:9      | Reached skill level 10 in Armour
  7464 | D:9      | Found Caim's Assorted Antiques.
  7474 | D:9      | Reached skill level 14 in Maces & Flails
  7496 | D:9      | Bought a scroll labeled JOISHR TOENIK for 35 gold pieces
  7703 | D:9      | Reached XP level 11. HP: 37/62 MP: 11/11
  7946 | D:9      | Reached skill level 5 in Fighting
  8389 | D:10     | Entered Level 10 of the Dungeon
  8440 | D:10     | Noticed Urug
  8456 | D:10     | Killed Urug
  8456 | D:10     | Reached skill level 15 in Maces & Flails
  8547 | D:10     | Killed an unseen horror
  9077 | D:10     | Found Garud's Jewellery Emporium.
  9082 | D:10     | Bought an uncursed amulet of conservation for 420 gold pieces
  9113 | D:10     | Found a glowing golden altar of the Shining One.
  9114 | D:10     | Noticed an angel
  9466 | Lair:1   | Entered Level 1 of the Lair of Beasts
  9574 | Lair:1   | Noticed Erica
  9597 | Lair:1   | Killed Erica
  9973 | Lair:1   | Found a frozen archway.
  9980 | Lair:1   | Received a gift from Trog
 10027 | Lair:1   | Reached skill level 16 in Maces & Flails
 10442 | Lair:2   | Reached XP level 12. HP: 66/73 MP: 12/12
 10958 | Lair:2   | Reached skill level 10 in Fighting
 11329 | Lair:2   | Received a gift from Trog
 11506 | Lair:2   | Identified a scroll of acquirement
 11507 | Lair:2   | Got a dazzling cloak
 11511 | Lair:2   | Identified the +0 cloak of Stonah {+Rage +Inv Str+2 SInv} (You acquired it on level 2 of the Lair of Beasts)
 11531 | Lair:3   | Found a staircase to the Swamp.
 11770 | Lair:3   | Noticed Rupert
 11811 | Lair:3   | Killed Rupert
 12082 | Lair:3   | Found a hole to the Spider Nest.
 12822 | Lair:4   | Received a gift from Trog
 12830 | Lair:4   | Reached XP level 13. HP: 62/85 MP: 13/13
 13280 | Lair:4   | Reached skill level 17 in Maces & Flails
 13679 | Lair:5   | Noticed Maud
 13695 | Lair:5   | Killed Maud
 14452 | Lair:6   | Received a gift from Trog
 14770 | Lair:6   | Found a dark tunnel.
 14883 | Lair:6   | Reached skill level 18 in Maces & Flails
 15293 | Lair:7   | Found a staircase to the Slime Pits.
 15294 | Lair:7   | Found a viscous altar of Jiyva.
 15385 | Lair:7   | Received a gift from Trog
 15905 | Lair:7   | Reached skill level 19 in Maces & Flails
 16077 | Lair:8   | Entered Level 8 of the Lair of Beasts
 16107 | Lair:8   | Gained mutation: Your wings are large and strong. [gargoyle growth]
 16107 | Lair:8   | Reached XP level 14. HP: 85/92 MP: 14/14
 16278 | Lair:8   | Noticed Nergalle
 16294 | Lair:8   | Killed Nergalle
 17045 | Lair:8   | Received a gift from Trog
 17155 | Lair:8   | Reached skill level 20 in Maces & Flails
 17786 | Lair:8   | Got a shimmering jade ring
 18239 | D:11     | Got a pitted helmet
 18243 | D:11     | Identified the cursed +0 helmet of Relativism {Str+2} (You found it on level 11 of the Dungeon)
 18245 | D:11     | Identified the ring "Esarama" {SustAb rF++ rC- Int+2} (You found it on level 8 of the Lair of Beasts)
 18874 | D:12     | Received a gift from Trog
 18928 | D:12     | Reached skill level 1 in Shields
 19022 | D:12     | Found a staircase to the Orcish Mines.
 19230 | D:12     | Found Amaz's Armour Shop.
 19787 | Orc:1    | Entered Level 1 of the Orcish Mines
 19939 | Orc:2    | Noticed Maurice
 19948 | Orc:2    | Killed Maurice
 20313 | Orc:2    | Reached skill level 5 in Shields
 20361 | Orc:2    | Received a gift from Trog
 20457 | Orc:3    | Found a staircase to the Elven Halls.
 20655 | Orc:3    | Reached XP level 15. HP: 97/97 MP: 5/15
 20806 | Orc:3    | Found a roughly hewn altar of Beogh.
 20975 | Orc:3    | You fall through a shaft!
 20975 | Orc:4    | Entered Level 4 of the Orcish Mines
 21287 | Orc:4    | Found Powigrox's Armour Boutique.
 21320 | Orc:4    | Received a gift from Trog
 21375 | Orc:4    | Bought the cursed +1 pair of gloves of the Swamp {rF+ rC+} for 467 gold pieces
 21558 | Orc:4    | Received a gift from Trog
 21938 | Orc:4    | Found Brejuump's Book Boutique.
 22521 | Orc:4    | Received a gift from Trog
 22654 | Orc:4    | Found Qanag's Antique Armour Shoppe.
 22659 | Orc:4    | Found Koicumpu's Magic Scroll Shoppe.
 22668 | Orc:4    | Bought a runed buckler for 166 gold pieces
 22705 | Orc:4    | Found Umpinauj's Gadget Boutique.
 22712 | Orc:4    | Bought a scroll of identify for 32 gold pieces
 22712 | Orc:4    | Bought a scroll of identify for 32 gold pieces
 22712 | Orc:4    | Bought a scroll of identify for 32 gold pieces
 22729 | Orc:4    | Bought a scroll of acquirement for 832 gold pieces
 23156 | D:13     | Reached skill level 10 in Shields
 23203 | D:13     | Paralysed by a giant eyeball for 2 turns
 23214 | D:13     | Paralysed by a giant eyeball for 3 turns
 23231 | D:13     | Paralysed by a giant eyeball for 3 turns
 24014 | D:14     | Found a gate to the Vaults.
 24179 | D:14     | Noticed Snorg
 24190 | D:14     | Killed Snorg
 24246 | D:14     | Received a gift from Trog
 24272 | D:14     | Noticed Kirke
 24302 | D:14     | Killed Kirke
 24845 | D:15     | Entered Level 15 of the Dungeon
 25064 | D:15     | Found a staircase to the Depths.
 25314 | D:15     | Reached XP level 16. HP: 105/105 MP: 16/16
 25785 | Swamp:1  | Entered Level 1 of the Swamp
 26500 | Swamp:1  | Noticed Sonja
 26510 | Swamp:1  | Killed Sonja
 26534 | Swamp:1  | Received a gift from Trog
 27053 | Swamp:2  | Reached skill level 15 in Armour
 27067 | Swamp:2  | Reached skill level 15 in Fighting
 27076 | Swamp:2  | Noticed a thorn hunter
 27103 | Swamp:2  | Killed a thorn hunter
 27981 | Swamp:3  | Noticed a thorn hunter
 28275 | Swamp:3  | Killed a thorn hunter
 28306 | Swamp:3  | Received a gift from Trog
 28423 | Swamp:3  | Noticed a thorn hunter
 28436 | Swamp:3  | Killed a thorn hunter
 29219 | Swamp:3  | Noticed a thorn hunter
 29238 | Swamp:3  | Killed a thorn hunter
 29592 | Swamp:4  | Reached XP level 17. HP: 110/115 MP: 17/17
 29851 | Swamp:4  | Noticed Roxanne
 29885 | Swamp:4  | Killed Roxanne
 30110 | Swamp:4  | Noticed a thorn hunter
 30548 | Swamp:4  | Noticed Tolias' ghost (mighty GrHu)
 30747 | Swamp:4  | Killed Tolias' ghost
 31036 | Swamp:4  | Killed a thorn hunter
 31738 | Spider:1 | Entered Level 1 of the Spider Nest
 31871 | Spider:1 | Received a gift from Trog
 32664 | Spider:2 | Noticed Aizul
 32682 | Spider:2 | Killed Aizul
 32976 | Spider:2 | Noticed Arachne
 32993 | Spider:2 | Killed Arachne
 33172 | Spider:3 | Received a gift from Trog
 33362 | Spider:3 | Got a faintly humming helmet
 33366 | Spider:3 | Identified the +0 helmet of Amorality {Str+3 Dex-3 Int+4} (You acquired it on level 3 of the Spider Nest)
 33628 | Spider:3 | Reached XP level 18. HP: 124/124 MP: 18/18
 33892 | Spider:4 | Noticed Asterion
 33906 | Spider:4 | Killed Asterion
 34235 | Spider:5 | Entered Level 5 of the Spider Nest
 34250 | Spider:5 | Received a gift from Trog
 35450 | Spider:5 | Received a gift from Trog
 35481 | Spider:5 | Noticed Mara
 35483 | Spider:5 | Noticed Infinimo's illusion
 36350 | Spider:5 | Reached skill level 21 in Maces & Flails
 36491 | Spider:5 | Noticed Infinimo's illusion
 36499 | Spider:5 | Killed Mara
 37109 | Spider:5 | Got a gossamer rune of Zot
 37440 | Swamp:5  | Entered Level 5 of the Swamp
 38122 | Swamp:5  | Received a gift from Trog
 38176 | Swamp:5  | Reached XP level 19. HP: 99/131 MP: 18/18
 38663 | Swamp:5  | Noticed a bone dragon
 38727 | Swamp:5  | Killed a bone dragon
 39077 | Swamp:5  | Got a decaying rune of Zot
 39834 | Vaults:1 | Entered Level 1 of the Vaults
 40300 | Vaults:1 | Received a gift from Trog
 40360 | Vaults:1 | Got a polished morningstar {god gift}
 40361 | Vaults:1 | Identified the -1,+3 morningstar of the Lost Tales {crush, *Tele rPois rN+ Stlth+} (Trog gifted it to you on level 1 of the Vaults)
 41744 | Vaults:2 | Reached skill level 22 in Maces & Flails
 41969 | Vaults:2 | Received a gift from Trog
 42880 | Vaults:2 | Reached XP level 20. HP: 132/139 MP: 19/19
 42946 | Vaults:2 | Found a glowing golden altar of the Shining One.
 42999 | Vaults:2 | Received a gift from Trog
 43048 | Vaults:2 | Paralysed by a sphinx for 2 turns
 43087 | Vaults:2 | Found a portal to a secret trove of treasure.
 43696 | Vaults:3 | Received a gift from Trog
 44197 | Vaults:3 | Received a gift from Trog
 44941 | Vaults:3 | Found a staircase to the Crypt.
 45313 | Vaults:4 | Found a flickering gateway to a bazaar.
 45324 | Bazaar   | Entered a bazaar
 45324 | Bazaar   | Found Eqolouf's General Store.
 45325 | Bazaar   | Found Dacamuar's Armour Shop.
 45341 | Bazaar   | Found Kaara's Assorted Antiques.
 45345 | Bazaar   | Found Suagaal's General Store.
 45349 | Bazaar   | Bought a scroll of enchant weapon I for 94 gold pieces
 45391 | Bazaar   | Found Ywaeciduf's Antique Weapon Emporium.
 45703 | Vaults:4 | Received a gift from Trog
 46198 | Vaults:4 | Reached XP level 21. HP: 146/146 MP: 20/20
 46642 | Vaults:4 | Received a gift from Trog
 47618 | Vaults:4 | Noticed Xtahua
 47633 | Vaults:4 | Killed Xtahua
 47815 | Vaults:4 | Found a staircase to the Hall of Blades.
 48005 | Vaults:4 | Reached skill level 15 in Shields
 48132 | Vaults:5 | Entered Level 5 of the Vaults
 48259 | Vaults:4 | Received a gift from Trog
 48785 | Vaults:5 | Gained mutation: You occasionally shout uncontrollably. [a neqoxec]
 48795 | Vaults:5 | Noticed an ancient lich
 49018 | Vaults:5 | Noticed HungrySpirit's ghost (mighty MiGl)
 49024 | Vaults:5 | Paralysed by a sphinx for 5 turns
 49123 | Vaults:5 | Paralysed by a sphinx for 5 turns
 49171 | Vaults:5 | Noticed an ancient lich
 49261 | Vaults:4 | Received a gift from Trog
 49766 | Vaults:4 | Got an ivory mace
 49767 | Vaults:4 | Identified the cursed +1,-1 mace "Griuf" {distort, rF+ rC++} (You found it on level 4 of the Vaults)
 49798 | Vaults:4 | Killed an ancient lich
 50125 | Depths:1 | Entered Level 1 of the Depths
 50190 | Depths:1 | Noticed the Enchantress
 50552 | D:15     | Reached XP level 22. HP: 152/152 MP: 20/20
 50582 | D:15     | Killed the Enchantress
 50763 | D:15     | Got a faerie dragon armour
 50782 | D:15     | Identified the +6 faerie dragon armour {Str+1 Dex+1 Int+1 Stlth++} (You took it off the Enchantress on level 15 of the Dungeon)
 51192 | Depths:1 | Found Woidit Teta's General Store.
 51234 | Depths:1 | Found a gateway to Hell.
 51248 | Depths:1 | Found a gateway to a ziggurat.
 51249 | Depths:1 | the gateway to Hell was a mimic.
 51305 | Depths:1 | Gained mutation: You possess an exceptional clarity of mind. [a shining eye]
 51306 | Depths:1 | Gained mutation: You tend to lose your temper in combat. [a shining eye]
 51439 | Depths:1 | Noticed Sojobo
 51514 | Depths:1 | Killed Sojobo
 51514 | Depths:1 | Received a gift from Trog
 53110 | Swamp:5  | Lost mutation: You occasionally shout uncontrollably. [potion of cure mutation]
 53110 | Swamp:5  | Lost mutation: You tend to lose your temper in combat. [potion of cure mutation]
 53110 | Swamp:5  | Lost mutation: You possess an exceptional clarity of mind. [potion of cure mutation]
 53624 | Depths:2 | Found a one-way gate to the infinite horrors of the Abyss.
 53663 | Depths:2 | Found a gateway to Hell.
 53669 | Depths:2 | Received a gift from Trog
 54043 | Depths:2 | Paralysed by a giant eyeball for 2 turns
 54064 | Depths:2 | Paralysed by a giant eyeball for 4 turns
 54647 | Depths:2 | Paralysed by a giant eyeball for 3 turns
 54882 | Depths:2 | Noticed Nikola
 54913 | Depths:2 | Killed Nikola
 54918 | Depths:2 | Reached XP level 23. HP: 157/157 MP: 21/21
 55077 | Depths:2 | Received a gift from Trog
 55540 | Depths:3 | Found a one-way gate leading to the halls of Pandemonium.
 55782 | Depths:3 | Reached skill level 23 in Maces & Flails
 55806 | Depths:3 | Found Ugiosch's Distillery.
 56534 | Depths:3 | Received a gift from Trog
 56616 | Depths:3 | Cast into the Abyss (deep elf sorcerer)
 56697 | Abyss:1  | Gained mutation: You evolve. [a neqoxec]
 56766 | Depths:3 | Escaped the Abyss
 57004 | Depths:3 | Paralysed by a sphinx for 4 turns
 57012 | Depths:3 | Gained mutation: You have sharp toenails. [evolution]
 57434 | Depths:3 | Paralysed by a giant eyeball for 2 turns
 57440 | Depths:3 | Paralysed by a giant eyeball for 4 turns
 58616 | Depths:3 | Received a gift from Trog
 58723 | Depths:3 | Paralysed by a giant eyeball for 4 turns
 58740 | Depths:3 | Paralysed by a giant eyeball for 3 turns
 58748 | Depths:3 | Paralysed by a giant eyeball for 2 turns
 58803 | Depths:3 | Got a scintillating glass ring
 58804 | Depths:3 | Identified the ring of Jiley {Hunger rPois MR+ Dex+3} (You took it off a vampire knight on level 3 of the Depths)
 59684 | Depths:4 | Paralysed by a giant eyeball for 4 turns
 60320 | Depths:4 | Received a gift from Trog
 60494 | Depths:4 | Reached XP level 24. HP: 159/166 MP: 21/21
 60561 | Depths:4 | HP: 5/166 [spriggan air mage/the air (19)]
 61229 | Depths:5 | Entered Level 5 of the Depths
 61316 | Depths:5 | Received a gift from Trog
 62283 | Depths:5 | Paralysed by a giant eyeball for 4 turns
 62386 | Depths:5 | Noticed Boris
 62404 | Depths:5 | Killed Boris
 62686 | Depths:5 | Noticed an ancient lich
 62696 | Depths:5 | Killed an ancient lich
 63260 | Depths:5 | Found a gate to the Realm of Zot.
 63686 | Vaults:5 | Noticed an ancient lich
 63734 | Vaults:4 | Killed an ancient lich
 63734 | Vaults:4 | Reached skill level 24 in Maces & Flails
 63963 | Vaults:5 | Cast into the Abyss (tengu reaver)
 63963 | Abyss:1  | Found a corrupted altar of Lugonu.
 64149 | Abyss:1  | Found a deep blue altar of Sif Muna.
 64564 | Abyss:1  | Gained mutation: You are dopey. (Int -2) [a shining eye]
 64628 | Abyss:1  | Received a gift from Trog
 64643 | Abyss:1  | Reached XP level 25. HP: 45/172 MP: 22/22
 65029 | Abyss:1  | Found a corrupted altar of Lugonu.
 65137 | Abyss:1  | Found a corrupted altar of Lugonu.
 65168 | Abyss:1  | Gained mutation: You are partially covered in rugged brown scales (AC +1, +3% HP). [a shining eye]
 65178 | Abyss:1  | Paralysed by accursed screaming for 2 turns
 65190 | Abyss:1  | Paralysed by accursed screaming for 2 turns
 65192 | Abyss:1  | HP: 4/177 [starcursed mass/accursed screaming (23)]
 65197 | Abyss:1  | Paralysed by accursed screaming for 2 turns
 65199 | Abyss:1  | HP: 8/177 [starcursed mass (3)]
 65204 | Abyss:1  | Paralysed by accursed screaming for 2 turns
 65209 | Abyss:1  | Killed from afar by a starcursed mass

Action                   |  1- 3 |  4- 6 |  7- 9 | 10-12 | 13-15 | 16-18 | 19-21 | 22-24 | 25-27 || total
-------------------------+-------+-------+-------+-------+-------+-------+-------+-------+-------++-------
Melee: Mace              |   101 |    17 |       |       |       |       |       |       |       ||   118
       Whip              |       |   123 |   537 |   814 |       |       |       |       |       ||  1474
       Great mace        |       |       |       |   125 |   831 |       |       |       |       ||   956
       Dire flail        |       |       |       |    79 |       |       |       |       |       ||    79
       Demon whip        |       |       |       |       |   544 |   186 |  2791 |  1872 |       ||  5393
       Unarmed           |       |       |       |       |    24 |       |       |       |       ||    24
       Eveningstar       |       |       |       |       |   570 |  1902 |       |  1097 |   119 ||  3688
Invok: Berserk           |     2 |       |     2 |     8 |    20 |    13 |    22 |    14 |       ||    81
       Trog's Hand       |       |       |       |       |     1 |       |       |       |       ||     1
 Abil: Fly               |       |       |       |       |       |     2 |       |     1 |       ||     3
       Stop Flying       |       |       |       |       |       |       |       |     1 |       ||     1
Evoke: Wand              |       |     1 |     4 |     1 |     3 |     3 |       |       |       ||    12
  Use: Scroll            |       |    12 |     9 |    12 |    25 |     9 |    18 |    12 |     1 ||    98
       Potion            |       |       |       |     1 |       |     2 |     6 |    10 |     7 ||    26
 Stab: Distracted        |       |       |       |       |       |     1 |       |     3 |       ||     4
